 Dungeon Crawl Stone Soup version 0.19.0-20-gbc5f0c6 (webtiles) character file.

3202 Patchouli the Thaumaturge (level 9, -14/45 HPs)
             Began as a Deep Elf Ice Elementalist on Nov 17, 2016.
             Was a Believer of Kikubaaqudgha.
             Demolished by a five-headed hydra (16 damage)
             ... on level 1 of the Lair of Beasts.
             The game lasted 00:35:51 (3712 turns).

Patchouli the Thaumaturge (DEIE)                    Turns: 3712, Time: 00:35:51

Health: -14/45     AC:  5    Str:  6    XL:     9   Next: 65%
Magic:  24/33      EV: 15    Int: 23    God:    Kikubaaqudgha [**....]
Gold:   316        SH:  0    Dex: 15    Spells: 7 memorised, 7 levels left

rFire  . . .     SeeInvis .     e - +2 dagger (drain)
rCold  . . .     Gourm    .     a - +0 robe
rNeg   . . .     Faith    .     (no shield)
rPois  .         Spirit   .     (no helmet)
rElec  .         Reflect  .     (no cloak)
rCorr  +         Harm     .     A - +2 pair of gloves
MR     .....                    (no boots)
Stlth  ++........               (no amulet)
                                o - ring of resist corrosion
                                y - ring of magical power

@: very slightly contaminated
A: no striking features
a: Receive Corpses, Renounce Religion


You were on level 1 of the Lair of Beasts.
You worshipped Kikubaaqudgha.
Kikubaaqudgha was pleased with you.
You were not hungry.

You visited 3 branches of the dungeon, and saw 13 of its levels.

You collected 349 gold pieces.
You spent 33 gold pieces at shops.

Inventory:

Hand Weapons
 e - a +2 dagger of draining (weapon)
 q - a +1 rapier of holy wrath
 u - a cursed -2 dagger of piercing
 v - a +2 short sword of speed
Missiles
 l - 9 tomahawks (quivered)
Armour
 a - a +0 robe (worn)
 A - a +2 pair of gloves (worn)
 B - +0 fire dragon scales
 F - a +0 troll leather armour
Magical Staves
 E - an uncursed staff of wizardry
 N - an uncursed staff of earth
Jewellery
 i - a +2 ring of dexterity
 o - a ring of resist corrosion (right hand)
 y - a ring of magical power (left hand)
Wands
 n - a wand of slowing (25/48)
 G - a wand of iceblast (7/15)
 L - a wand of acid (7/15)
Scrolls
 d - 2 scrolls of blinking
 j - 5 scrolls of identify
 m - a scroll of fear {unknown}
 w - a scroll of noise {unknown}
 D - a scroll of fog {unknown}
 H - a scroll of remove curse
 I - a scroll of teleportation {unknown}
 M - a scroll of enchant weapon {unknown}
Potions
 g - 2 potions of cancellation
 t - 3 potions of curing
 x - a potion of magic {unknown}
 z - a potion of cure mutation {unknown}
 J - a potion of experience {unknown}
Books
 b - a book of Frost

   Spells                             Type                      Level
   a - Freeze                         Ice                          1
   b - Throw Frost                    Conjuration/Ice              2
   c - Ozocubu's Armour               Charms/Ice                   3
   d - Throw Icicle                   Conjuration/Ice              4
   e - Summon Ice Beast               Ice/Summoning                4
 r - a book of Maledictions

   Spells                             Type                      Level
   a - Corona                         Hexes                        1
   b - Ensorcelled Hibernation        Hexes/Ice                    2
   c - Confuse                        Hexes                        3
   d - Tukima's Dance                 Hexes                        3
   e - Dazzling Spray                 Conjuration/Hexes            3
 s - a book of Battle

   Spells                             Type                      Level
   a - Infusion                       Charms                       1
   b - Shroud of Golubria             Charms/Translocation         2
   c - Song of Slaying                Charms                       2
   d - Spectral Weapon                Hexes/Charms                 3
   e - Regeneration                   Charms/Necromancy            3
 C - Kikubaaqudgha's Incunabulum of Sinister Rituals
   (Kikubaaqudgha gifted it to you on level 9 of the Dungeon)

   Spells                             Type                      Level
   a - Animate Skeleton               Necromancy                   1
   b - Corpse Rot                     Necromancy                   2
   c - Sublimation of Blood           Necromancy                   2
   d - Vampiric Draining              Necromancy                   3
   e - Control Undead                 Necromancy                   4
Comestibles
 c - 7 bread rations
 f - 3 beef jerkies
 h - a royal jelly
 k - 2 meat rations
 p - 7 slices of pizza
 K - 8 chunks of flesh


   Skills:
 - Level 3.4 Short Blades
 * Level 2.9 Armour
 - Level 5.1 Dodging
 - Level 2.4 Stealth
 * Level 9.0 Spellcasting
 - Level 1.1 Conjurations
 * Level 5.8 Summonings
 * Level 6.4 Necromancy
 * Level 7.6 Ice Magic


You had 7 spell levels left.
You knew the following spells:

 Your Spells              Type           Power        Failure   Level  Hunger
a - Freeze                Ice            ####         1%          1    None
b - Throw Frost           Conj/Ice       ####..       1%          2    None
d - Throw Icicle          Conj/Ice       ####....     12%         4    ##.....
i - Summon Ice Beast      Ice/Summ       #####...     4%          4    ##.....
q - Ozocubu's Armour      Chrm/Ice       ####....     4%          3    None
r - Regeneration          Chrm/Necr      ####......   6%          3    None
u - Sublimation of Blood  Necr           #####.....   1%          2    None


Dungeon Overview and Level Annotations

Branches:
Dungeon (11/15)            Temple (1/1) D:5            Lair (1/6) D:10
    Orc: D:9-12

Altars:
Ashenzari
Cheibriados
Dithmenos
Elyvilon
Fedhas
Gozag
Hepliaklqana
Kikubaaqudgha
Makhleb
Nemelex Xobeh
Okawaru
Qazlal
Ru
Sif Muna
Trog
Uskayaw
Vehumet
Xom
Yredelemnul
Zin
The Shining One

Shops:
D:5 *

Annotations:
D:3 Terence
D:4 2 runed doors
D:6 Eustachio, Menkaure


Message History

Aim: a bullfrog (heavily wounded)
The puff of frost hits the bullfrog.
You kill the bullfrog!
Kikubaaqudgha accepts your kill.
Found a fruit.
Found a fruit.
Found a fruit.
There is a stone staircase leading down here.
You see here a bullfrog corpse.
You butcher the bullfrog corpse.
K - 8 chunks of flesh (gained 4)
There is a stone staircase leading down here.
A five-headed hydra comes into view.
You see here 14 gold pieces.
You see here a smoky pink potion.
The five-headed hydra bites you! x3
* * * LOW HITPOINT WARNING * * *
The five-headed hydra bites you!
You die...
Kikubaaqudgha rasps: "You have failed me!
Welcome... death!"

##.P #.. ##.#
#..####
##.#...###
#..#.....####
##.#..<.....P#
#!@..........#
#D##..........
#..#...>.......
#..#...........
...##..........
#..###..........
..# #.........#
... #.........%
#.....%....


You could see a five-headed hydra.

Vanquished Creatures
  A hippogriff (D:9)
  A hog (D:9)
  Duvessa (D:6)
  A water moccasin (D:7)
  A phantom (D:5)
  A centaur (D:9)
  A crocodile (D:10)
  3 bullfrogs
  Dowan (D:6)
  3 crimson imps
  A jelly (D:4)
  A hound (D:5)
  A centaur skeleton (D:5)
  2 worker ants
  An iguana (D:9)
  3 orc wizards
  A shadow imp (D:5)
  An adder skeleton (D:5)
  3 leopard geckos
  4 orcs
  2 giant cockroaches
  2 quokkas
  8 bats
  3 frilled lizards
  4 kobolds
  4 rats
55 creatures vanquished.

Vanquished Creatures (collateral kills)
  A troll (D:9)
  A hippogriff (D:7)
  A human (D:9)
  9 yaks
  3 hogs (D:9)
  2 water moccasins (D:9)
  3 orc warriors
  2 ogres (D:9)
  A black bear (D:9)
  A centaur (D:9)
  A big kobold (D:10)
  A crocodile (D:10)
  A bullfrog (D:9)
  3 killer bees (D:9)
  A bullfrog zombie (D:10)
  A quasit (D:7)
  A hound (D:9)
  A jelly (D:9)
  3 orc priests
  3 iguanas
  An orc wizard (D:9)
  2 worker ants
  An adder (D:9)
  3 river rats (D:10)
  A shadow imp (D:10)
  3 orcs
  2 kobolds (D:10)
  4 bats (D:10)
  5 rats (D:10)
62 creatures vanquished.

Vanquished Creatures (others)
  4 fungi (D:10)
  2 plants (D:10)
6 creatures vanquished.

Grand Total: 123 creatures vanquished

Notes
Turn   | Place    | Note
-------+----------+-------------------------------------------
     0 | D:1      | Patchouli the Deep Elf Ice Elementalist began the quest for the Orb.
     0 | D:1      | Reached XP level 1. HP: 10/10 MP: 6/6
   263 | D:2      | Reached XP level 2. HP: 15/15 MP: 5/8
   267 | D:2      | Learned a level 2 spell: Throw Frost
   473 | D:4      | Found a large runed door.
   473 | D:4      | Found a large runed door.
   479 | D:3      | Noticed Terence
   521 | D:5      | Entered Level 5 of the Dungeon
   586 | D:5      | Reached skill level 4 in Spellcasting
   586 | D:5      | Reached XP level 3. HP: 4/19 MP: 2/10
   594 | D:5      | Learned a level 3 spell: Ozocubu's Armour
   643 | D:5      | Noticed a phantom
   744 | D:5      | Learned a level 3 spell: Regeneration
   800 | D:4      | Reached skill level 1 in Short Blades
   802 | D:4      | Reached XP level 4. HP: 15/24 MP: 2/12
   905 | D:4      | Noticed a big kobold
   959 | D:3      | Found a blossoming altar of Fedhas.
  1099 | D:6      | Noticed Eustachio
  1105 | D:6      | Noticed a yak
  1147 | D:5      | Reached skill level 5 in Spellcasting
  1162 | D:5      | Reached XP level 5. HP: 13/28 MP: 4/14
  1303 | D:7      | Noticed an orc warrior
  1335 | D:6      | Reached XP level 6. HP: 30/32 MP: 5/16
  1338 | D:6      | Reached skill level 6 in Spellcasting
  1344 | D:6      | Learned a level 4 spell: Summon Ice Beast
  1348 | D:6      | Noticed Duvessa
  1348 | D:6      | Noticed Dowan
  1348 | D:6      | Noticed Menkaure
  1375 | D:6      | Killed Duvessa
  1375 | D:6      | Reached skill level 1 in Necromancy
  1387 | D:6      | Killed Dowan
  1387 | D:6      | Reached skill level 1 in Summonings
  1387 | D:6      | Reached skill level 5 in Ice Magic
  1387 | D:6      | Reached XP level 7. HP: 27/36 MP: 0/18
  1522 | D:5      | Found a staircase to the Ecumenical Temple.
  1532 | Temple   | Entered the Ecumenical Temple
  1638 | Temple   | Became a worshipper of Kikubaaqudgha
  1696 | D:5      | Found Dylollod's General Store.
  1699 | D:5      | Bought a scroll of remove curse for 33 gold pieces
  1727 | D:5      | Learned a level 4 spell: Throw Icicle
  1916 | D:6      | Noticed a yak
  1917 | D:6      | Noticed a yak
  1917 | D:6      | Noticed a yak
  1955 | D:7      | Killed a yak
  2027 | D:7      | Found a stormy altar of Qazlal.
  2097 | D:7      | Noticed a hippogriff
  2103 | D:7      | Killed a hippogriff
  2103 | D:7      | Reached skill level 7 in Spellcasting
  2103 | D:7      | Reached XP level 8. HP: 41/41 MP: 13/20
  2176 | D:9      | Reached skill level 5 in Dodging
  2343 | D:9      | Noticed a troll
  2353 | D:9      | Killed a troll
  2435 | D:9      | Reached * piety under Kikubaaqudgha
  2435 | D:9      | Identified Kikubaaqudgha's Incunabulum of Sinister Rituals (Kikubaaqudgha gifted it to you on level 9 of the Dungeon)
  2435 | D:9      | Received a gift from Kikubaaqudgha
  2440 | D:9      | Learned a level 2 spell: Sublimation of Blood
  2446 | D:9      | Noticed a hippogriff
  2453 | D:9      | Killed a hippogriff
  2595 | D:9      | Reached skill level 1 in Armour
  2627 | D:10     | Entered Level 10 of the Dungeon
  2647 | D:10     | Reached skill level 5 in Necromancy
  2658 | D:10     | Reached skill level 8 in Spellcasting
  2658 | D:10     | Reached XP level 9. HP: 42/45 MP: 4/23
  2710 | D:10     | Reached skill level 5 in Summonings
  3098 | D:9      | Reached ** piety under Kikubaaqudgha
  3670 | D:10     | Found a staircase to the Lair.
  3687 | D:10     | Reached skill level 9 in Spellcasting
  3697 | Lair:1   | Entered Level 1 of the Lair of Beasts
  3709 | Lair:1   | Noticed a five-headed hydra
  3712 | Lair:1   | HP: 2/45 [five-headed hydra (14)]
  3712 | Lair:1   | Demolished by a five-headed hydra

Skill      XL: |  1  2  3  4  5  6  7  8  9 |
---------------+----------------------------+-----
Dodging        | 3 4 5 |  5.1
Spellcasting   | 4 5 6 7 8 9 |  9.0
Short Blades   | 1 2 3 |  3.4
Ice Magic      | 4 5 6 7 |  7.6
Necromancy     | 1 3 5 6 |  6.4
Summonings     | 1 2 4 5 |  5.8
Armour         | 1 2 |  2.9
Stealth        | |  2.4
Conjurations   | |  1.1

Action                   |  1- 3 |  4- 6 |  7- 9 || total
-------------------------+-------+-------+-------++-------
Melee: Rapier            |     3 |    15 |    11 ||    29
       Club              |     1 |       |       ||     1
       Short sword       |       |    13 |     6 ||    19
       Dagger            |       |       |    16 ||    16
       Staff             |       |       |     5 ||     5
 Cast: Freeze            |    27 |    28 |    32 ||    87
       Throw Frost       |     2 |     1 |    12 ||    15
       Ozocubu's Armour  |       |     6 |    13 ||    19
       Regeneration      |       |     3 |    14 ||    17
       Summon Ice Beast  |       |       |    60 ||    60
       Sublimation of Bl |       |       |    11 ||    11
       Throw Icicle      |       |       |     1 ||     1
Evoke: Wand              |       |     2 |     5 ||     7
  Use: Scroll            |       |     5 |     3 ||     8
       Potion            |       |     1 |     3 ||     4
 Stab: Sleeping          |     1 |     2 |     1 ||     4
       Distracted        |       |       |     1 ||     1
  Eat: Chunk             |       |     1 |    13 ||    14
Armor: Robe              |     3 |    16 |    23 ||    42
Dodge: Dodged            |    23 |    51 |    75 ||   149
